Map: Invader LE

Players

Strange

  • Race: Protoss Protoss

EnVyUsPolt (Polt)

  • Race: Terran Terran
  • League: Master

Event: DreamHack Open Tours WCS Spring Championship

VOD

Have the link to the VOD?

Description

Time

  • Played on: May 14, 2016, 8:46 a.m.
  • Length: 34:07

All games in this series

Show
View Real Time Build Order
Export as new Build Order

Strange Protoss 

Build Orders: 1 Gate Expand 

Get SALT Encoding   

  12  0:01  Probe (Chrono Boost)  
  13  0:11  Probe (Chrono Boost)  
  14  0:16  Pylon  
  14  0:22  Probe (Chrono Boost)  
  15  0:35  Probe (Chrono Boost)  
  16  0:36  Gateway  
  16  0:41  Assimilator  
  16  0:45  Probe (Chrono Boost)  
  17  0:56  Probe (Chrono Boost)  
  18  1:06  Probe (Chrono Boost)  
  19  1:20  Nexus  
  19  1:30  Cybernetics Core  
  19  1:34  Probe (Chrono Boost)  
  20  1:40  Assimilator  
  20  1:45  Probe (Chrono Boost)  
  21  1:51  Pylon  
  21  1:55  Probe (Chrono Boost)  
  22  2:06  Probe (Chrono Boost)  
  22  2:07  Warp Gate  
  23  2:09  Adept  
  25  2:18  Mothership Core (Chrono Boost)  
  27  2:33  Probe (Chrono Boost)  
  27  2:36  Probe (Chrono Boost)  
  29  2:38  Robotics Facility  
  29  2:43  Probe (Chrono Boost)  
  30  2:47  Probe (Chrono Boost)  
  30  2:50  Adept (Chrono Boost)  
  33  2:52  Probe  
  33  2:58  Probe  
  35  3:03  Probe  
  36  3:10  Probe  
  36  3:12  Stalker (Chrono Boost)  
  37  3:13  Probe  
  37  3:19  Pylon  
  40  3:22  Probe  
  40  3:25  Probe, Observer (Chrono Boost)  
  43  3:30  Pylon  
  43  3:34  Probe  
  43  3:35  Stalker  
  43  3:37  Probe  
  47  3:42  Twilight Council  
  47  3:44  Assimilator  
  47  3:46  Observer (Chrono Boost)  
  47  3:47  Probe  
  49  3:55  Pylon  
  50  3:59  Probe  
  50  4:04  Gateway  
  50  4:07  Gateway  
  49  4:13  Warp Prism (Chrono Boost)  
  51  4:17  Probe  
  51  4:19  Assimilator  
  51  4:22  Dark Shrine  
  51  4:24  Probe  
  53  4:30  Probe (Chrono Boost)  
  54  4:37  Probe (Chrono Boost)  
  55  4:41  Blink (Chrono Boost), Probe (Chrono Boost)  
  55  4:43  Forge  
  56  4:46  Pylon  
  56  4:49  Probe (Chrono Boost)  
  56  4:52  Probe (Chrono Boost)  
  58  5:02  Pylon  
  58  5:10  Immortal (Chrono Boost)  
  62  5:16  Protoss Ground Weapons Level 1 (Chrono Boost)  
  60  5:34  Dark Templar x3  
  66  5:48  Immortal (Chrono Boost)  
  70  5:59  Probe  
  67  6:20  Nexus  
  67  6:21  Immortal (Chrono Boost)  
  67  6:23  Pylon  
  71  6:29  Probe  
  71  6:30  Probe  
  71  6:32  Dark Templar x2  
  71  6:33  Pylon, Dark Templar  
  71  6:39  Sentry  
  73  6:40  Sentry x2  
  73  6:41  Probe  
  73  6:46  Gateway  
  78  6:47  Gateway x2  
  78  6:48  Probe  
  78  6:51  Immortal (Chrono Boost)  
  78  6:53  Gateway  
  79  6:56  Pylon  
  79  6:58  Pylon  
  81  7:04  Sentry x2, Stalker  
  81  7:07  Pylon, Protoss Ground Armor Level 1 (Chrono Boost)  
  81  7:08  Resonating Glaives (Chrono Boost)  
  87  7:11  Probe x2  
  89  7:15  Pylon  
  89  7:23  Probe  
  89  7:24  Probe  
  89  7:28  Stalker  
  89  7:29  Stalker x2  
  97  7:30  Warp Prism  
  97  7:35  Probe  
  100  7:45  Adept x3  
  106  7:52  Stalker x2  
  106  7:53  Stalker  
  112  8:03  Probe  
  112  8:04  Probe x2  
  115  8:09  Stalker x3  
  115  8:10  Stalker  
  123  8:26  Adept x2  
  127  8:27  Adept  
  127  8:30  Gateway  
  127  8:31  Gateway  
  129  8:35  Pylon  
  129  8:46  Adept x5  
  129  8:47  Adept x2  
  123  9:17  Stalker x7  
  131  9:38  Immortal, Adept x2  
  114  9:40  Adept x6  
  92  10:01  Stalker x2  
  92  10:02  Stalker x5  
  92  10:03  Stalker  
  96  10:12  Adept  
  76  10:28  Adept x7  
  76  10:52  Stalker x5  
  76  10:53  Stalker x3  
  76  10:55  Assimilator  
  76  10:56  Assimilator  
  78  11:16  Adept x9  
  96  11:22  Pylon  
  96  11:36  Sentry  
  96  11:37  Stalker x2, Adept x2  
  96  11:38  Adept x2  
  110  11:46  Adept x2  
  114  12:11  Stalker x4  
  114  12:12  Stalker x3  
  128  12:27  Pylon  
  120  12:47  Stalker x6  
  120  12:48  Stalker x3  
  136  13:18  Stargate  
  136  13:19  Stargate  
  136  13:20  Warp Prism  
  136  13:23  Stargate  
  136  13:33  Pylon  
  134  13:50  Sentry  
  134  13:53  Adept x8  
  152  14:07  Void Ray x2 (Chrono Boost)  
  152  14:08  Void Ray (Chrono Boost)  
  160  14:39  Adept x5  
  170  14:48  Void Ray (Chrono Boost)  
  106  17:41  Assimilator  
  104  18:40  Nexus  
  67  21:22  Assimilator  
  49  22:31  Pylon  
  49  22:40  Pylon  
  49  22:51  Pylon  
  49  22:57  Assimilator  
  49  23:18  Assimilator  
Show
View Real Time Build Order
Export as new Build Order

EnVyUsPolt Terran 

Build Orders: MMM Bio 

Get SALT Encoding   

  12  0:00  SCV  
  13  0:13  SCV  
  14  0:17  Supply Depot  
  14  0:25  SCV  
  15  0:39  SCV, Barracks  
  16  0:51  SCV  
  16  0:55  Supply Depot  
  17  1:03  SCV  
  18  1:15  SCV  
  19  1:25  Command Center  
  19  1:33  Marine  
  19  1:35  Orbital Command  
  20  1:51  Marine  
  21  1:57  Refinery x2  
  21  2:00  SCV  
  22  2:05  Barracks  
  22  2:09  Marine  
  22  2:13  SCV  
  24  2:25  SCV  
  24  2:28  Marine  
  26  2:37  SCV, Orbital Command  
  27  2:46  Factory  
  27  2:48  Bunker  
  27  2:50  SCV  
  28  2:52  Barracks Reactor  
  28  2:55  Orbital Command  
  28  2:56  Barracks Tech Lab  
  28  3:02  SCV  
  29  3:14  SCV, Marine  
  29  3:15  Stimpack  
  31  3:21  SCV  
  31  3:26  SCV  
  33  3:28  Marine x2  
  33  3:31  Supply Depot, Widow Mine  
  33  3:32  Marine  
  38  3:38  Starport  
  38  3:39  SCV x2  
  40  3:47  Marine x2  
  42  3:51  SCV x2, Marauder  
  42  3:55  Supply Depot  
  46  4:03  Supply Depot, SCV x2  
  48  4:10  Marine x2  
  48  4:12  Marauder  
  48  4:15  SCV x2  
  54  4:17  Medivac  
  54  4:20  Factory Reactor  
  56  4:26  Engineering Bay  
  56  4:29  SCV x2  
  57  4:39  Bunker  
  57  4:40  Marauder, Marine x2  
  57  4:42  Liberator  
  61  4:50  Supply Depot, SCV x2  
  63  4:54  Refinery x2  
  63  4:58  Liberator  
  66  5:03  Marine  
  66  5:04  Marine x2  
  69  5:12  SCV x2  
  74  5:25  SCV x2  
  74  5:27  Marauder, Barracks  
  78  5:31  Supply Depot  
  78  5:34  Terran Infantry Weapons Level 1  
  78  5:39  Missile Turret  
  78  5:48  SCV  
  78  5:53  SCV, Marine x2, Missile Turret  
  75  6:05  SCV x2, Barracks Tech Lab  
  74  6:16  Medivac x2  
  74  6:17  SCV x2  
  79  6:24  Marauder  
  81  6:29  SCV  
  82  6:35  Supply Depot x2  
  82  6:38  SCV  
  83  6:41  SCV  
  83  6:42  Command Center  
  84  6:51  Barracks  
  84  6:52  Barracks  
  84  6:53  SCV  
  85  6:56  Marine x2  
  85  6:57  Marauder  
  85  7:00  SCV  
  90  7:04  Combat Shields  
  89  7:09  SCV  
  89  7:12  SCV  
  89  7:15  Marine x2  
  91  7:18  Marauder  
  91  7:22  Supply Depot, SCV  
  96  7:23  Supply Depot  
  96  7:24  SCV  
  96  7:29  Widow Mine  
  99  7:36  SCV x2  
  101  7:38  Barracks Tech Lab  
  101  7:39  Barracks Tech Lab, Barracks Reactor  
  101  7:40  Marine  
  101  7:43  Marine  
  101  7:44  Marauder  
  105  7:48  SCV x2  
  107  7:52  Fusion Core  
  107  7:53  Starport  
  107  7:54  Liberator  
  107  7:55  Liberator, Orbital Command  
  107  8:00  Marine  
  107  8:01  Marauder x2, Marine  
  107  8:04  SCV x2, Marine  
  114  8:08  Terran Infantry Armor Level 1  
  118  8:25  Marauder x3, Marine x3  
  118  8:26  Marine  
  128  8:30  Starport Tech Lab  
  128  8:34  Supply Depot  
  128  8:35  Supply Depot  
  128  8:39  Supply Depot  
  128  8:49  Liberator x3  
  126  8:56  Marine x2  
  126  8:57  Marauder x3, Marine x2  
  130  9:06  Advanced Ballistics  
  136  9:18  Supply Depot x2  
  136  9:22  Marauder x3, Marine x4  
  142  9:32  Liberator  
  142  9:33  Liberator  
  117  9:40  Marine x4  
  117  9:43  Marauder  
  117  9:44  Marauder x2  
  133  9:59  Orbital Command  
  109  10:00  Marine x4  
  109  10:05  Marauder x3  
  106  10:20  Liberator x2  
  106  10:21  Marine x4  
  89  10:26  Marauder x3  
  86  10:44  Concussive Shells  
  79  10:52  SCV x3  
  79  10:55  Marine x2  
  79  10:56  Marauder  
  79  11:13  Liberator x2  
  79  11:23  Liberator  
  79  11:24  SCV x3, Sensor Tower  
  82  11:27  Refinery  
  82  11:29  Refinery  
  90  11:40  SCV x3, Missile Turret  
  90  11:44  Marauder, Marine x3  
  90  11:45  Marine  
  100  11:48  Marine x2  
  100  11:52  SCV  
  103  11:59  Liberator x2  
  103  12:06  Liberator  
  103  12:08  Marauder x3, Marine x4  
  109  12:15  Orbital Command  
  119  12:25  Command Center  
  119  12:36  Marauder x3, Marine x4  
  127  12:47  Sensor Tower  
  127  12:48  SCV x3  
  130  13:00  Marauder, Marine x4  
  130  13:01  Marauder  
  130  13:03  Marine  
  139  13:38  Medivac x3  
  136  13:43  Marauder x2, Marine x4  
  136  13:44  Marauder  
  136  13:45  SCV x3  
  149  13:56  Liberator x2  
  149  14:00  SCV x2  
  149  14:01  SCV  
  152  14:03  Liberator  
  152  14:04  Command Center  
  161  14:36  Marauder x3, Marine x4  
  153  15:07  Marine  
  153  15:08  Marauder x2  
  153  15:10  Marine  
  153  15:11  Marine  
  158  15:15  Marine  
  158  15:16  Marauder  
  158  15:18  Orbital Command  
  148  16:38  Orbital Command  
  77  20:23  Orbital Command  
  77  21:07  Orbital Command  
  77  21:41  Orbital Command  

Tags
 
Add a new tag
Caveats
  • Supply blocks, unpowered buildings, or Contaminate may cause inaccurate times.
  • Supply counts are checked every 10 seconds.